 Dungeon Crawl Stone Soup version 0.31-a0-188-g5e087ee2ca (webtiles) character file.

Game seed: 13493723454625322031

25 qw the Shooter (level 2, -1/16 HPs)
             Began as a Deep Elf Hunter on June 22, 2023.
             Succumbed to their own poison gas
             ... on level 1 of the Dungeon.
             The game lasted 00:00:15 (813 turns).

qw the Shooter (Deep Elf Hunter)                     Turns: 813, Time: 00:00:16

Health: -1/16      AC:  5    Str:  8    XL:     2   Next: 82%
Magic:  4/4        EV: 10    Int: 13    God:
Gold:   26         SH:  0    Dex: 18    Spells: 1/1 levels left

rFire   . . .        Y - +0 shortbow
rCold   . . .        (shield currently unavailable)
rNeg    . . .        i - +0 ring mail
rPois   .            (no helmet)
rElec   .            (no cloak)
rCorr   .            (no gloves)
SInv    .            (no boots)
Will    .....        (no amulet)
Stlth   +            (no ring)
HPRegen 0.22/turn    (no ring)
MPRegen 0.09/turn

%: no passive effects
@: lethally poisoned (-1 -> -15), weak-willed
A: no striking features
a: no special abilities


You were on level 1 of the Dungeon.
You visited 1 branch of the dungeon, and saw 1 of its levels.

You collected 26 gold pieces.


   Skills:
 - Level 1.5 Fighting
 + Level 6.5 Ranged Weapons
 - Level 2.4 Dodging
 - Level 1.2 Stealth


You had one spell level left.
You didn't know any spells.
Your spell library was empty.

Inventory:

Hand Weapons
 Y - a +0 shortbow (weapon)
Armour
 i - a +0 ring mail (worn)
Potions
 d - a potion of heal wounds
 j - a potion of enlightenment {unknown}

Dungeon Overview and Level Annotations

Branches:
Dungeon (1/15)

Altars:


Message History

Really abort (and waste the scroll)?
Done exploring.
807 ||| READING scroll labelled ZETTA FAEKLAJE.
As you read the scroll labelled ZETTA FAEKLAJE, it crumbles to dust.
Magic quickly surges around you.
It was a scroll of vulnerability.
Done exploring.
808 ||| READING scroll labelled COHAWY GEFOOBA.
As you read the scroll labelled COHAWY GEFOOBA, it crumbles to dust.
You hear a loud clanging noise!
It was a scroll of noise.
Done exploring.
809 ||| DRINKING 2 inky potions.
It was a potion of heal wounds.
You feel much better.
Done exploring.
810 ||| DROPPING scroll of poison.
You drop a scroll of poison.
Done exploring.
811 ||| DROPPING scroll of butterflies.
You drop a scroll of butterflies.
Done exploring.
(D) Dungeon
Where to? (* - list waypoints, ? - help)
What level of the Dungeon? (default 1, ? - help) Sorry, I don't know how to get there.
Enter note:
Enter note:
Enter note:
Enter note:
Enter note:
Enter note:
Enter note:
Enter note:
Enter note:
Enter note:
Enter note:
Enter note: Really walk into that cloud of poison gas?
You are engulfed in poison gas.
You are lethally poisoned!
Ouch! That really hurt!
You feel very sick.
813 ||| Stepping ~*~*~tactically~*~*~ (cloud).
You die...

##.### #..... #..###
####### #..# #...¤¤#
#..### ###.#0#
#######..#.. #.#0#
#.....#..#.#
#.#¤#####.###.#..#.#
#.#@¤¤¤0#.# #.#..#>.
###.#####¤#.#
#.#..#..
#.......#.#.#
#.#..#..
##..###.#.#.#
#.#..#). #..# #.#.#%#
#.#..... #..# #.#.#.#
#.##.#.#
##.###.#.#.###....#..
#.#...#.#.##...#####
#.#.###.#...........


There were no monsters in sight!

Vanquished Creatures
  2 dart slugs (D:1)
  A bat (D:1)
  2 giant cockroaches (D:1)
  A goblin (D:1)
  3 hobgoblins (D:1)
  2 kobolds (D:1)
  2 quokkas (D:1)
  A frilled lizard (D:1)
  5 rats (D:1)
19 creatures vanquished.

Notes
Turn   | Place    | Note
-------+----------+-------------------------------------------
     0 | D:1      | qw the Deep Elf Hunter began the quest for the Orb.
     0 | D:1      | Reached XP level 1. HP: 12/12 MP: 3/3
     0 | D:1      | 0 ||| qw: Version: 0.3-a-9-g12657ce
     0 | D:1      | 0 ||| qw: Game counter: 2772
     0 | D:1      | 0 ||| qw: Always use a shield: true
     0 | D:1      | 0 ||| qw: God list: Okawaru
     0 | D:1      | 0 ||| qw: Allow faded altars: false
     0 | D:1      | 0 ||| qw: Do Orc after D:15 true
     0 | D:1      | 0 ||| qw: Do second Lair branch before Depths: true
     0 | D:1      | 0 ||| qw: Lair rune preference: random
     0 | D:1      | 0 ||| qw: Plans: Normal
     0 | D:1      | 0 ||| PLANNING D:1-11
   167 | D:1      | Reached skill level 6 in Ranged Weapons
   167 | D:1      | Reached XP level 2. HP: 15/16 MP: 4/4
   517 | D:1      | 517 ||| Stepping ~*~*~tactically~*~*~ (outnumbered).
   522 | D:1      | 522 ||| Stepping ~*~*~tactically~*~*~ (outnumbered).
   794 | D:1      | 794 ||| UPGRADING to +0 ring mail.
   804 | D:1      | 804 ||| DROPPING +0 leather armour.
   805 | D:1      | 805 ||| READING 2 scrolls labelled VILIXYBIPP.
   806 | D:1      | 806 ||| READING scroll labelled PUYL INARGHELY.
   807 | D:1      | 807 ||| READING scroll labelled ZETTA FAEKLAJE.
   808 | D:1      | 808 ||| READING scroll labelled COHAWY GEFOOBA.
   809 | D:1      | 809 ||| DRINKING 2 inky potions.
   810 | D:1      | 810 ||| DROPPING scroll of poison.
   811 | D:1      | 811 ||| DROPPING scroll of butterflies.
   812 | D:1      | HP: 3/16 [poisoned by you (poison gas)]
   813 | D:1      | 813 ||| Stepping ~*~*~tactically~*~*~ (cloud).
   813 | D:1      | Succumbed to their own poison gas

Levels and vault maps discovered:
D:1:      minmay_arrival_checkered_box, layout_basic

Skill      XL: |  1 |
---------------+----+-----
Ranged Weapons | 6 |  6.5
Fighting       | |  1.5
Dodging        | |  2.4
Stealth        | |  1.2

Action                     || total
---------------------------++-------
   Fire: Shortbow          ||    52
    Use: Scroll            ||     4
         Potion            ||     1
 Armour: Leather armour    ||     3
  Dodge: Dodged            ||    12

Table legend:
 A = Non-vault XP
 B = Vault XP
 C = Vault XP percentage of total XP
 D = Non-vault monster count
 E = Vault monster count
 F = Vault count percentage of total count
                 A         B        C        D         E       F
            +---------+---------+-------+---------+---------+-------
      Total |      36 |       0 |   0.0 |      19 |       0 |   0.0
            +---------+---------+-------+---------+---------+-------
        D:1 |      36 |       0 |   0.0 |      19 |       0 |   0.0
            +---------+---------+-------+---------+---------+-------
